 Dungeon Crawl Stone Soup version 0.29.1-1-gd02db6906a (webtiles) character file.

Game seed: 9590952900988368636

61082 raph the Bludgeoner (level 14, 0/117 (119) HPs)
             Began as a Minotaur Fighter on Oct 12, 2022.
             Was the Champion of Hepliaklqana.
             Slain by a sixfirhy (9 damage)
             ... summoned by an orc high priest
             ... on level 2 of the Orcish Mines.
             The game lasted 00:26:54 (24492 turns).

raph the Bludgeoner (Minotaur Fighter)             Turns: 24492, Time: 00:26:55

HP:   0/117 (119)   AC: 26    Str: 27    XL:     14   Next: 59%
MP:   0/21          EV: 10    Int:  9    God:    Hepliaklqana [******]
Gold: 1229          SH: 10    Dex: 15    Spells: 13/13 levels left

rFire   + . .      SeeInvis .   a - +7 morningstar of Deuc {vorpal, +Blink rF+ rN+ Int+2}
rCold   . . .      Faith    .   c - +2 buckler
rNeg    + + .      Spirit   +   W - +4 plate armour {rN+}
rPois   .          Reflect  .   F - +1 hat "Cadarr" {Int+2}
rElec   .          Harm     .   H - +2 cloak
rCorr   +          Rampage  .   V - +0 pair of gloves {infuse}
Will    +....                   (no boots)
Stlth   ..........              u - amulet of guardian spirit
HPRegen 0.29/turn               K - ring of resist corrosion
MPRegen 0.17/turn               T - +6 ring of strength

@: studying Maces & Flails, lightly drained
A: reduced essence, horns 2, retaliatory headbutt
a: Renounce Religion, Evoke Blink, Recall Ancestor, Ancestor Identity,
Transference, Idealise


You were on level 2 of the Orcish Mines.
You worshipped Hepliaklqana.
Hepliaklqana was exalted by your worship.
You visited 4 branches of the dungeon, and saw 20 of its levels.

You collected 1811 gold pieces.
You spent 582 gold pieces at shops.

Inventory:

Hand Weapons
 a - the +7 morningstar of Deuc (weapon) {vorpal, +Blink rF+ rN+ Int+2}
   (You acquired it on level 8 of the Dungeon)

   It inflicts extra damage upon your enemies.
   Int:       It affects your intelligence (+2).
   rF:        It protects you from fire.
   rN:        It protects you from negative energy.
   +Blink:    It lets you blink.
 b - a +8 hand crossbow of freezing
 w - the +8 whip "Snakebite" {venom, curare, rPois}
   (You found it on level 1 of the Lair of Beasts)

   It poisons the flesh of those it strikes.
   It occasionally inflicts asphyxiating poison on those it strikes, dealing
   poison damage and causing slowness.
   rPois:     It protects you from poison.
 G - a +2 morningstar
Missiles
 e - 17 poisoned darts (quivered)
 g - 5 boomerangs of dispersal
 q - 6 throwing nets
 v - 21 boomerangs
 D - 6 silver boomerangs
Armour
 c - a +2 buckler (worn)
 f - a +2 pair of gloves
 t - a +1 plate armour
 F - the +1 hat "Cadarr" (worn) {Int+2}
   (You found it on level 1 of the Lair of Beasts)

   Int:       It affects your intelligence (+2).
 H - a +2 cloak (worn)
 V - a +0 pair of gloves of infusion (worn)
 W - a +4 plate armour of positive energy (worn)
Jewellery
 u - an amulet of guardian spirit (around neck)
 I - a ring of ice
 K - a ring of resist corrosion (left hand)
 O - a ring of willpower
 S - a ring of fire
 T - a +6 ring of strength (right hand)
 U - a +4 ring of protection
Wands
 l - a wand of polymorph (7)
 y - a wand of charming (20)
 z - a wand of iceblast (17)
 A - a wand of acid (18)
 N - a wand of flame (14)
 Q - a wand of digging (3)
Scrolls
 j - 5 scrolls of vulnerability
 k - 3 scrolls of identify
 n - 2 scrolls of amnesia
 p - 3 scrolls of fog
 C - 5 scrolls of teleportation
Potions
 d - 2 potions of might
 h - 4 potions of haste
 i - a potion of curing
 m - 3 potions of brilliance
 o - a potion of heal wounds
 r - 3 potions of flight
 s - 6 potions of mutation
 x - a potion of ambrosia
 B - a potion of cancellation
 E - 2 potions of invisibility
 L - a potion of magic
Miscellaneous
 J - a tin of tremorstones (2/2)
 P - a condenser vane (inert)


   Skills:
 + Level 14.4 Fighting
 - Level 16.0 Maces & Flails
 + Level 6.2 Ranged Weapons
 + Level 14.3 Armour
 + Level 6.1 Dodging
 + Level 14.3 Shields
 + Level 10.7 Invocations


You had 13 spell levels left.
You didn't know any spells.
Your spell library contained the following spells:

 Spells                   Type           Power      Damage    Failure   Level
 Apportation              Tloc           0%         N/A       97%         1
 Beastly Appendage        Tmut           0%         N/A       97%         1
 Foxfire                  Conj/Fire      0%         2x1d4     97%         1
 Freeze                   Ice            0%         1d3       97%         1
 Magic Dart               Conj           0%         1d3       97%         1
 Necrotise                Necr           0%         1d4       97%         1
 Shock                    Conj/Air       0%         1d3       97%         1
 Sting                    Tmut/Pois      0%         1d3       97%         1
 Summon Small Mammal      Summ           0%         N/A       97%         1
 Call Imp                 Summ           0%         N/A       99%         2
 Ensorcelled Hibernation  Hex/Ice        0%         N/A       99%         2
 Passwall                 Tmut/Erth      0%         N/A       99%         2
 Poisonous Vapours        Pois/Air       0%         N/A       99%         2
 Wereblood                Tmut           0%         N/A       99%         2
 Conjure Flame            Conj/Fire      0%         6-21      100%        3
 Frozen Ramparts          Ice            0%         1d1       100%        3
 Inner Flame              Hex/Fire       0%         N/A       100%        3
 Mephitic Cloud           Conj/Pois/Air  0%         N/A       100%        3
 Spider Form              Tmut/Pois      0%         N/A       100%        3
 Swiftness                Air            0%         N/A       100%        3
 Airstrike                Air            0%         2d(0-16)  100%        4
 Anguish                  Hex/Necr       0%         N/A       100%        4
 Animate Armour           Summ/Erth      0%         N/A       100%        4
 Cause Fear               Hex            0%         N/A       100%        4
 Flame Wave               Conj/Fire      0%         2d4       100%        4
 Hailstorm                Conj/Ice       0%         3d3       100%        4
 Ice Form                 Ice/Tmut       0%         N/A       100%        4
 Leda's Liquefaction      Hex/Erth       0%         N/A       100%        4
 Olgreb's Toxic Radiance  Pois           0%         N/A       100%        4
 Summon Ice Beast         Ice/Summ       0%         N/A       100%        4
 Fireball                 Conj/Fire      0%         3d3       100%        5
 Iskenderun's Battlesphe  Conj           0%         2d6       100%        5
 Lee's Rapid Deconstruct  Erth           0%         3d5*      100%        5
 Summon Forest            Summ/Tloc      0%         N/A       100%        5
 Summon Mana Viper        Hex/Summ       0%         N/A       100%        5
 Conjure Ball Lightning   Conj/Air       0%         3x3d6     100%        6
 Eringya's Noxious Bog    Tmut/Pois      0%         N/A       100%        6
 Statue Form              Tmut/Erth      0%         N/A       100%        6
 Summon Cactus Giant      Summ           0%         N/A       100%        6
 Orb of Destruction       Conj           0%         9d5       100%        7
 Discord                  Hex            0%         N/A       100%        8


Dungeon Overview and Level Annotations

Branches:
Dungeon (12/15)            Temple (1/1) D:5            Lair (5/5) D:9
 Shoals (0/4) Lair:3        Snake (0/4) Lair:2        Slime (0/5) Lair:5
    Orc (2/2) D:12            Elf (0/3) Orc:2

Altars:
Ashenzari
Cheibriados
Dithmenos
Elyvilon
Fedhas
Gozag
Hepliaklqana
Kikubaaqudgha
Makhleb
Nemelex Xobeh
Okawaru
Qazlal
Ru
Sif Muna
Trog
Uskayaw
Vehumet
Wu Jian
Xom
Yredelemnul
Zin
The Shining One
Jiyva

Shops:
D:5 (   D:6 (   D:9 [   D:12 [

Annotations:
D:3 2 transporters, MisterFreud's ghost, weakling GnDe
Lair:1 6 runed translucent doors
Lair:3 3 runed translucent doors, Koel's ghost, journeyman PaFi; Ruicvywi's ghost, journeyman OgTm; Sadonosm's ghost, journeyman DgSk; Yjeari's ghost, journeyman GrMo


Innate Abilities, Weirdness & Mutations

Your life essence is reduced to manifest your ancestor. (-10% HP)
You have a pair of horns on your head.
You reflexively headbutt those who attack you in melee.


Message History

Blink to where?
Press: ? - help, Dir - move target
As you read the scroll of blinking, it crumbles to dust.
You feel much better. The sixfirhy barely misses you. You furiously retaliate!
You headbutt the sixfirhy!
The sixfirhy hits you but does no damage.
The sixfirhy completely misses you. You furiously retaliate!
You headbutt the sixfirhy, but do no damage.
The neqoxec gestures at you.
Something tries to feed on your intellect!
As you read the scroll of fear, it crumbles to dust.
You assume a fearsome visage.
The ice devil easily resists.
The rust devil easily resists.
The sixfirhy easily resists.
The orc priest looks frightened!
The neqoxec looks frightened!
The orc high priest looks frightened!
The orc high priest resists with some effort.
The orc priest looks frightened!
The soul eater easily resists.
The ogre looks frightened!
You block the sixfirhy's attack.
The sixfirhy hits you but does no damage.
You block the sixfirhy's attack.
The orc high priest calls down the wrath of Beogh upon you.
Beogh smites you!
* * * LOW HITPOINT WARNING * * *
The orc priest starts to cry.
The orc high priest gibbers meaninglessly.
The rust devil disappears in a puff of smoke!
The orc high priest hums to itself desperately, trying to keep calm.
You block the sixfirhy's attack. The sixfirhy closely misses you.
The sixfirhy hits you but does no damage.
The sixfirhy hits you!
* * * LOW HITPOINT WARNING * * *
The sixfirhy shocks you!
* * * LOW HITPOINT WARNING * * *
As you read the scroll of fog, it crumbles to dust.
The scroll dissolves into smoke.
The sixfirhy hits you but does no damage.
The sixfirhy hits you.
* * * LOW HITPOINT WARNING * * *
The sixfirhy shocks you!
You die...

.....................#
.....................#
.....................##
......................##
.....................#.##
........................#
. ......§§§.....## .
.....§§§§§...## .
.....§§@§§....##
.......§3§§....#
.......§§§§...##
.......§§§§...##
..#......o.....#
............[..#
#.......3.....##
##.......4....#
##..#.......##


You could see a sixfirhy (summoned).

Vanquished Creatures
  7 hydras
  A boulder beetle (Lair:4)
  A catoblepas (Lair:3)
  2 two-headed ogres (D:11)
  5 death yaks
  An orc high priest (Orc:2)
  A lindwurm (Lair:4)
  A wolf spider (Lair:1)
  A cyclops (Orc:2)
  2 manticores
  16 elephants
  5 black mambas
  A merfolk siren (Lair:3)
  A gargoyle (D:11)
  5 cane toads
  2 rime drakes
  A kobold demonologist (D:12)
  7 komodo dragons
  2 polar bears
  5 trolls
  4 hornets (Lair:5)
  A merfolk (Lair:3)
  A tarantella (Lair:1)
  16 blink frogs
  5 dream sheep
  A jumping spider (Lair:1)
  7 spriggans (Lair:5)
  A vampire (D:12)
  A shadow (D:11)
  3 wraiths
  21 yaks
  2 wyverns
  4 steam dragons
  3 vampire mosquitoes (D:12)
  2 wargs
  4 nagas (Lair:2)
  An acid dragon (D:9)
  6 water moccasins
  24 orc warriors
  An ice beast (D:5)
  A sky beast (D:7)
  3 black bears
  2 boggarts (Lair:5)
  5 centaurs
  8 ogres
  A phantom (D:7)
  8 wolves
  A gnoll sergeant (D:6)
  7 bullfrogs
  3 scorpions
  9 wights
  9 killer bees
  5 howler monkeys
  An electric eel (Lair:3)
  3 hounds (D:4)
  A jelly (D:10)
  12 orc priests
  A gnoll bouda (D:10)
  6 iguanas
  20 orc wizards
  19 gnolls
  10 adders
  2 white imps
  A worm (D:3)
  5 dart slugs
  51 orcs
  10 endoplasms
  3 giant cockroaches
  5 goblins
  8 hobgoblins
  4 jackals (D:5)
  4 quokkas
  5 ball pythons
  5 bats
  5 frilled lizards
  8 kobolds
  9 rats
435 creatures vanquished.

Vanquished Creatures (collateral kills)
  An orc warlord (Orc:2)
  2 hydras
  A boulder beetle (Lair:3)
  A catoblepas (Lair:4)
  An orc high priest (Orc:2)
  A lindwurm (Lair:3)
  A wolf spider (Lair:1)
  A black mamba (Lair:4)
  3 elephants
  5 cane toads
  An unseen horror (D:12)
  A rime drake (Lair:3)
  3 polar bears
  A troll (D:10)
  A hornet (Lair:5)
  A slime creature (D:10)
  A dream sheep (Lair:5)
  4 blink frogs
  A shadow (D:12)
  2 wyverns
  4 spriggans (Lair:5)
  5 yaks
  2 vampire mosquitoes (D:12)
  2 nagas (Lair:2)
  6 water moccasins
  4 orc warriors
  2 black bears (Lair:5)
  5 wolves (Lair:5)
  2 boggarts (Lair:5)
  A centaur (Lair:3)
  A gnoll sergeant (D:9)
  3 bullfrogs
  2 wights
  A killer bee (D:7)
  2 electric eels
  2 jellies (D:10)
  A hound (D:7)
  9 orc priests
  A gnoll bouda (D:6)
  8 orc wizards
  8 gnolls
  A white imp (D:7)
  23 orcs
  A goblin (D:12)
  A hobgoblin (D:12)
  A butterfly (Lair:4)
131 creatures vanquished.

Vanquished Creatures (others)
  9 battlemagi
  3 ancestors
  33 fungi
  31 plants
  9 toadstools (Lair:4)
  A withered plant (Lair:3)
86 creatures vanquished.

Grand Total: 652 creatures vanquished

Notes
Turn   | Place    | Note
-------+----------+-------------------------------------------
     0 | D:1      | raph the Minotaur Fighter began the quest for the Orb.
     0 | D:1      | Reached XP level 1. HP: 19/19 MP: 0/0
   309 | D:1      | Reached XP level 2. HP: 23/27 MP: 1/1
   351 | D:1      | Reached skill level 3 in Maces & Flails
   582 | D:1      | Reached XP level 3. HP: 33/33 MP: 2/2
  1211 | D:2      | Found a faded altar of an unknown god.
  1856 | D:3      | Reached XP level 4. HP: 39/40 MP: 3/3
  1915 | D:3      | Reached skill level 4 in Maces & Flails
  2045 | D:3      | Found a transporter.
  2045 | D:3      | Noticed MisterFreud's ghost (weakling GnDe)
  2048 | D:3      | Found a transporter.
  2253 | D:3      | Found an ancient bone altar of Kikubaaqudgha.
  2253 | D:3      | Found a snail-covered altar of Cheibriados.
  2559 | D:4      | Reached XP level 5. HP: 47/47 MP: 4/4
  2567 | D:4      | Identified the +11 battleaxe of Fijuc {distort, rC+ Int+3}
  2711 | D:4      | Found a hazy altar of Hepliaklqana.
  2719 | D:4      | Became a worshipper of Hepliaklqana the Forgotten
  3134 | D:4      | Reached skill level 5 in Maces & Flails
  3446 | D:5      | Entered Level 5 of the Dungeon
  3473 | D:5      | Noticed an ogre
  3499 | D:4      | Reached XP level 6. HP: 35/55 MP: 5/5
  3903 | D:5      | Reached skill level 5 in Armour
  3936 | D:5      | Reached skill level 5 in Fighting
  3936 | D:5      | Reached skill level 5 in Shields
  4035 | D:5      | Found a staircase to the Ecumenical Temple.
  4040 | D:5      | Reached skill level 6 in Maces & Flails
  4046 | Temple   | Entered the Ecumenical Temple
  4293 | D:5      | Noticed an ice beast
  4479 | D:5      | Reached XP level 7. HP: 33/61 MP: 6/6
  5228 | D:5      | Reached skill level 7 in Maces & Flails
  5283 | D:5      | Found Wamabba's Weapon Emporium.
  5700 | D:6      | Found Jushroni's Weapon Shoppe.
  5849 | D:6      | Reached * piety under Hepliaklqana
  5893 | D:6      | Reached skill level 8 in Maces & Flails
  5899 | D:6      | Reached XP level 8. HP: 24/63 MP: 7/7
  6629 | D:6      | Reached skill level 9 in Maces & Flails
  7403 | D:7      | Reached skill level 10 in Maces & Flails
  7874 | D:5      | Bought a +6 hand crossbow of freezing for 421 gold pieces
  8031 | D:7      | Reached skill level 11 in Maces & Flails
  8032 | D:7      | Reached XP level 9. HP: 54/71 MP: 8/8
  8034 | D:7      | Reached skill level 1 in Invocations
  8622 | D:7      | Reached skill level 12 in Maces & Flails
  9190 | D:8      | Identified a scroll of acquirement
  9190 | D:8      | Acquired the +7 morningstar of Deuc {vorpal, +Blink rF+ rN+
                  | Int+2}
  9226 | D:8      | Reached skill level 13 in Maces & Flails
  9228 | D:8      | Identified the +1 scale mail "Naih" {rF- Dex+6}
  9720 | D:8      | Reached XP level 10. HP: 57/80 MP: 7/11
  9745 | D:8      | Reached skill level 14 in Maces & Flails
 10123 | D:8      | Found a white marble altar of Elyvilon.
 10154 | D:8      | Reached ** piety under Hepliaklqana
 10155 | D:8      | Remembered your ancestor Ishtar-belessa as a battlemage
 10524 | D:9      | Found a staircase to the Lair.
 10576 | D:9      | Found Ulez Icwe's Antique Armour Boutique.
 11346 | D:9      | Reached skill level 15 in Maces & Flails
 11446 | D:10     | Entered Level 10 of the Dungeon
 11523 | D:10     | Found a viscous altar of Jiyva.
 11800 | D:10     | Found a glowing golden altar of the Shining One.
 11850 | D:10     | Reached *** piety under Hepliaklqana
 12104 | Lair:1   | Entered Level 1 of the Lair of Beasts
 12113 | D:9      | Reached XP level 11. HP: 87/87 MP: 13/13
 12120 | D:9      | Reached skill level 16 in Maces & Flails
 12120 | D:9      | Reached skill level 5 in Invocations
 12729 | Lair:1   | Found a runed translucent door.
 12729 | Lair:1   | Noticed a wolf spider
 12730 | Lair:1   | Found the +8 whip "Snakebite" {venom, curare, rPois}
 13004 | Lair:1   | Noticed a wolf spider
 13118 | Lair:1   | Killed a wolf spider
 13128 | Lair:1   | Killed a wolf spider
 13128 | Lair:1   | HP: 4/89 [tarantella (8)]
 13499 | Lair:1   | Found a runed translucent gate.
 13500 | Lair:1   | Noticed a boulder beetle
 13501 | Lair:1   | Found a runed translucent gate.
 13502 | Lair:1   | Found a runed translucent gate.
 13502 | Lair:1   | Found a runed translucent gate.
 13502 | Lair:1   | Found a runed translucent gate.
 13502 | Lair:1   | Identified the +1 hat "Cadarr" {Int+2}
 13502 | Lair:1   | Noticed a lindwurm
 13502 | Lair:1   | Noticed a lindwurm
 13512 | Lair:1   | Found a runed translucent gate.
 13512 | Lair:1   | Noticed a boulder beetle
 13650 | Lair:2   | Reached skill level 10 in Fighting
 13650 | Lair:2   | Reached skill level 10 in Armour
 13650 | Lair:2   | Reached skill level 10 in Shields
 13789 | Lair:2   | Found a staircase to the Snake Pit.
 13917 | Lair:2   | Reached **** piety under Hepliaklqana
 14245 | Lair:2   | Noticed a four-headed hydra
 14257 | Lair:2   | Killed a four-headed hydra
 14439 | Lair:2   | Reached XP level 12. HP: 99/99 MP: 16/16
 14891 | Lair:3   | Noticed a death yak
 14895 | Lair:3   | Noticed a death yak
 14895 | Lair:3   | Noticed a death yak
 14896 | Lair:3   | Noticed a death yak
 14901 | Lair:3   | Killed a death yak
 14902 | Lair:3   | Noticed a death yak
 14907 | Lair:3   | Killed a death yak
 14909 | Lair:3   | Killed a death yak
 14941 | Lair:2   | Killed a death yak
 14943 | Lair:2   | Killed a death yak
 15477 | Lair:3   | Found a runed translucent gate.
 15832 | Lair:3   | Noticed a boulder beetle
 15838 | Lair:3   | Killed a boulder beetle
 15971 | Lair:3   | Noticed a catoblepas
 15982 | Lair:3   | Killed a catoblepas
 16077 | Lair:3   | Found a glowing silver altar of Zin.
 16378 | Lair:3   | Reached XP level 13. HP: 107/107 MP: 18/18
 16394 | Lair:3   | Found a staircase to the Shoals.
 16491 | Lair:3   | Found a runed translucent gate.
 16492 | Lair:3   | Found a runed translucent gate.
 16581 | Lair:3   | Noticed Sadonosm's ghost (journeyman DgSk)
 16582 | Lair:3   | Noticed Koel's ghost (journeyman PaFi)
 16583 | Lair:3   | Noticed Ruicvywi's ghost (journeyman OgTm)
 16583 | Lair:3   | Noticed Yjeari's ghost (journeyman GrMo)
 16817 | Lair:4   | Reached ***** piety under Hepliaklqana
 16890 | Lair:4   | Reached skill level 1 in Ranged Weapons
 16890 | Lair:4   | Reached skill level 1 in Dodging
 17708 | Lair:4   | Found a runed translucent door.
 18227 | Lair:5   | Entered Level 5 of the Lair of Beasts
 18762 | Lair:5   | Found a staircase to the Slime Pits.
 19919 | Lair:5   | Got the Atlas of Geology and Pestilence
 20251 | Lair:5   | Reached skill level 10 in Invocations
 20263 | Lair:5   | Reached XP level 14. HP: 114/117 MP: 20/20
 20905 | D:11     | Reached skill level 5 in Ranged Weapons
 21033 | D:11     | Reached skill level 5 in Dodging
 22314 | D:12     | Reached ****** piety under Hepliaklqana
 22927 | D:12     | Found a staircase to the Orcish Mines.
 22935 | D:12     | Found Voakkade's Armour Emporium.
 22943 | D:12     | Bought a +0 pair of gloves of infusion for 161 gold pieces
 23505 | Orc:1    | Entered Level 1 of the Orcish Mines
 23957 | Orc:2    | Entered Level 2 of the Orcish Mines
 23993 | Orc:2    | Found a staircase to the Elven Halls.
 24098 | Orc:2    | Found a burning altar of Makhleb.
 24247 | Orc:2    | Noticed an orc warlord
 24260 | Orc:2    | Killed an orc warlord
 24492 | Orc:2    | Slain by a sixfirhy

Illustrated notes

Levels and vault maps discovered:
D:1:      psy_arrival_conway, layout_rooms
D:2:      layout_basic, ebering_ecumenical_altar_hall
D:3:      layout_basic, jmf_multi_god_temple, gammafunk_ghost_mausoleum,
          amethyst_killhole, st_stairs_13, chequers_serial_rivers_micro_a
D:4:      layout_loops_ring, lemuel_coloured_pillars_altar, minmay_checkerbox
D:5:      layout_cave_pods, minmay_temple_entry_arrows, serial_shops, shop,
          minmay_manual_mail
D:6:      layout_basic, serial_shops, nicolae_stop_n_shop_2, chequers_garden
D:7:      minmay_chambers_of_fours, layout_basic, grunt_decor_resistance
D:8:      layout_rooms, elyvilon_altar_3
D:9:      layout_gridville, lair_entry_dummy, serial_shops,
          nicolae_shop_statue_plus
D:10:     layout_rooms, lemuel_tele_altar, jiyva_altar_1
D:11:     layout_layer_cave
D:12:     layout_rooms, erik_orc_4, special_room [special_room_orc],
          serial_shops, nicolae_shop_stone
Temple:   sentei_temple_godly_chess
Lair:1:   gammafunk_indiana_jones, layout_big_grid, infiniplex_staircase_pool,
          grunt_megastairs_1
Lair:2:   cheibrodos_lair_river_kwai, layout_small_grid,
          minmay_snake_entry_guardpost_medium, chequers_serial_rivers_marsh,
          nicolae_quartered_pool_medium
Lair:3:   layout_chaotic_city, elwin_shoals_entry_rooms,
          gammafunk_ghost_cemetery, lemuel_centaur_altar, lemuel_fruit_tree
Lair:4:   gammafunk_lair_enchanted_lake, layout_cellular_growth,
          grunt_megastairs_5, infiniplex_staircase_pool_2, lemuel_fruit_fields
Lair:5:   minmay_lair_end_enchanted_forest, layout_cave_pods, slime_entry_1
Orc:1:    layout_caves, nicolae_orc_tapped_out
Orc:2:    st_orc_mages, layout_diamond_mine, hangedman_feature_mirror

Skill      XL: |  1  2  3  4  5  6  7  8  9 10 11 12 13 14 |
---------------+-------------------------------------------+-----
Maces & Flails | 3 4 5 6 8 11 13 15 16 | 16.0
Armour         | 4 5 6 7 8 9 11 12 13 14 | 14.3
Fighting       | 4 5 6 7 8 9 11 12 13 14 | 14.4
Shields        | 4 5 6 7 8 9 11 12 13 14 | 14.3
Invocations    | 3 4 7 8 10 | 10.7
Ranged Weapons | 4 6 |  6.2
Dodging        | 4 6 |  6.1

Action                   |  1- 3 |  4- 6 |  7- 9 | 10-12 | 13-15 || total
-------------------------+-------+-------+-------+-------+-------++-------
Melee: Flail             |    98 |    92 |       |       |       ||   190
       Headbutt          |    11 |    18 |    47 |    84 |    76 ||   236
       Morningstar       |       |    44 |   264 |   334 |   349 ||   991
       Whip              |       |       |       |     9 |       ||     9
 Fire: Hand crossbow     |       |       |       |    13 |    72 ||    85
Throw: Dart              |       |     7 |    17 |       |       ||    24
Invok: Recall Ancestor   |       |       |     2 |     1 |     2 ||     5
       Ancestor Life: Ba |       |       |       |     1 |       ||     1
Evoke: Condenser vane    |       |       |       |       |     1 ||     1
  Use: Scroll            |     4 |     9 |     9 |     9 |     7 ||    38
       Potion            |       |       |     2 |     3 |     3 ||     8
 Stab: Distracted        |       |       |     2 |     4 |     5 ||    11
       Petrifying        |       |       |       |     2 |       ||     2
Armor: Scale mail        |    44 |    83 |    83 |       |       ||   210
       Plate armour      |       |       |    62 |   182 |   253 ||   497
       Steam dragon scal |       |       |     3 |       |       ||     3
Dodge: Dodged            |    28 |    69 |    89 |    62 |   144 ||   392
Block: Buckler           |    23 |    34 |    98 |   146 |   194 ||   495
